 Dungeon Crawl Stone Soup version 0.19.5 (webtiles) character file.

145 tidbits the Gusty (level 5, -1/46 HPs)
             Began as a High Elf Air Elementalist on July 13, 2017.
             Slain by a scorpion (6 damage)
             ... on level 4 of the Dungeon.
             The game lasted 00:15:29 (1019 turns).

tidbits the Gusty (High Elf Air Elementalist)       Turns: 1019, Time: 00:15:30

Health: -1/46      AC: 22    Str:  8    XL:     5   Next: 6%
Magic:  0/11       EV:  2    Int: 18    God:
Gold:   105        SH:  0    Dex: 16    Spells: 4 memorised, 2 levels left

rFire  . . .     SeeInvis .     a - +0 dagger (elec)
rCold  . . .     Gourm    .     (armour currently unavailable)
rNeg   + + +     Faith    .     (no shield)
rPois  +         Spirit   .     (helmet currently unavailable)
rElec  .         Reflect  .     (cloak currently unavailable)
rCorr  +         Harm     .     (gloves currently unavailable)
MR     .....     NoTele   +     (boots currently unavailable)
Stlth  ++........               (no amulet)
                                K - ring of resist corrosion
                                V - +1 ring of evasion

@: tree-form, very slightly contaminated
A: no striking features
a: no special abilities


You were on level 4 of the Dungeon.
You were hungry.
You were a tree.
You visited 1 branch of the dungeon, and saw 4 of its levels.

You collected 105 gold pieces.

Inventory:

Hand Weapons
 a - a +0 dagger of electrocution (weapon)
 f - a +1 dagger of freezing
 h - a +0 hunting sling
 j - a +0 short sword
Missiles
 o - 24 stones (quivered)
Armour
 e - a +0 robe (melded)
 m - a +0 buckler
Jewellery
 K - a ring of resist corrosion (right branch)
 V - a +1 ring of evasion (left branch)
Scrolls
 d - 3 scrolls of remove curse
 g - a scroll of teleportation
 i - a scroll of identify
 l - a scroll of enchant weapon {unknown}
 p - a scroll of amnesia {unknown}
Books
 b - a book of Air

   Spells                             Type                      Level
   a - Shock                          Conjuration/Air              1
   b - Swiftness                      Charms/Air                   2
   c - Repel Missiles                 Charms/Air                   2
   d - Static Discharge               Conjuration/Air              3
   e - Lightning Bolt                 Conjuration/Air              5
Comestibles
 c - 3 bread rations


   Skills:
 - Level 2.1 Dodging
 - Level 2.1 Stealth
 - Level 3.3 Spellcasting
 + Level 2.8 Conjurations
 + Level 5.7 Air Magic


You had 2 spell levels left.
You knew the following spells:

 Your Spells              Type           Power        Failure   Level  Hunger
d - Static Discharge      Conj/Air       ###.....     10%         3    ###....
m - Repel Missiles        Chrm/Air       ##....       10%         2    ##.....
w - Swiftness             Chrm/Air       ##......     10%         2    ##.....
z - Shock                 Conj/Air       ###.         2%          1    None


Dungeon Overview and Level Annotations

Branches:
Dungeon (4/15)
 Temple: D:4-7

Altars:

Annotations:
D:3 Natasha


Message History

Casting: Shock
Confirm with . or Enter, or press ? or * to list all spells.
You don't have enough magic to cast that spell.
Unknown command.
As you read the scroll labeled TIP MIPSUH, it crumbles to dust.
You feel blessed for a moment.
It was a scroll of remove curse.
The scorpion stings you but does no damage. x2
You hit the scorpion.
The scorpion is severely wounded.
The orc hits you but does no damage.
The scorpion stings you but does no damage. x2
An ogre comes into view. It is wielding a giant spiked club.
Unknown command.
As you read the scroll labeled CAPLINWOYTIS, it crumbles to dust.
It is a scroll of identify.
g - a scroll of teleportation The orc hits you but does no damage.
The scorpion stings you but does no damage.
The scorpion stings you.
You die...

.. ## .. #.######## .#
#........#..#
######...#..##.#
#...#......#...# ##.
#...........s#####.....
#............♣s....#
#...##.....###o#####
#...##.##..# #[...###
#...##.##.#######O..#
###......................
####.........#######......
###............# ......
....##..†......#######
.....
......................
h....


You could see an ogre, 2 scorpions and an orc.

Vanquished Creatures
  A howler monkey (D:4)
  A worker ant (D:4)
  A gnoll (D:2)
  3 adders (D:2)
  A dart slug (D:1)
  An orc (D:3)
  2 giant cockroaches
  3 goblins
  8 hobgoblins
  4 jackals (D:3)
  2 quokkas (D:2)
  A ball python (D:3)
  6 bats
  A frilled lizard (D:1)
  6 kobolds
  7 rats
48 creatures vanquished.

Notes
Turn   | Place    | Note
-------+----------+-------------------------------------------
     0 | D:1      | tidbits the High Elf Air Elementalist began the quest for the Orb.
     0 | D:1      | Reached XP level 1. HP: 11/11 MP: 4/4
    64 | D:1      | Reached skill level 4 in Air Magic
   217 | D:1      | Reached XP level 2. HP: 17/17 MP: 6/6
   221 | D:1      | Learned a level 2 spell: Repel Missiles
   331 | D:1      | Learned a level 2 spell: Swiftness
   483 | D:2      | Found a faded altar of an unknown god.
   540 | D:2      | Reached XP level 3. HP: 21/21 MP: 0/8
   590 | D:3      | Noticed Natasha
   611 | D:3      | Learned a level 3 spell: Static Discharge
   763 | D:2      | Reached skill level 5 in Air Magic
   763 | D:2      | Reached XP level 4. HP: 26/27 MP: 0/9
  1013 | D:4      | Reached XP level 5. HP: 8/31 MP: 0/11
  1019 | D:4      | Noticed an ogre
  1019 | D:4      | Slain by a scorpion

Skill      XL: |  1  2  3  4 |
---------------+-------------+-----
Air Magic      | 4 5 |  5.7
Spellcasting   | 3 |  3.3
Conjurations   | 2 |  2.8
Dodging        | |  2.1
Stealth        | |  2.1

Action                   |  1- 3 |  4- 6 || total
-------------------------+-------+-------++-------
Melee: Dagger            |    16 |    10 ||    26
 Cast: Shock             |    60 |    21 ||    81
       Static Discharge  |       |     1 ||     1
  Use: Potion            |       |     3 ||     3
       Scroll            |       |     2 ||     2
Armor: Robe              |     1 |     5 ||     6
       Skin              |       |    19 ||    19
Dodge: Dodged            |    17 |    23 ||    40
